 Dungeon Crawl Stone Soup version bcrawl-1.31.4 (webtiles) character file.

Game seed: 10979911486495844858

197092 Morbidden the Sneak (level 7, -4/41 HPs)
             Began as a Vine Stalker Archaeologist on June 10, 2021.
             Killed by divine providence
             ... invoked by an orc priest
              (12 damage)
             ... on level 5 of the Dungeon.
             The game lasted 00:06:20 (4649 turns).

Morbidden the Sneak (Vine Stalker Archaeologist)    Turns: 4649, Time: 00:06:20

Health: -4/41      AC:  6    Str: 14 (15) XL:     7   Next: 83%
Magic:  12/12      EV:  8    Int: 12 (14) God:
Gold:   657        SH:  7    Dex: 10 (13) Spells: 12/12 levels left

rFire    . . .     SeeInvis .   a - +2 short sword (venom)
rCold    . . .     Gourm    .   h - +0 medium shield {reflect}
rNeg     . . .     Faith    .   c - +1 robe
rPois    .         Spirit   .   d - +1 hat
rElec    .         Reflect  +   (no cloak)
rCorr    .         Harm     .   (no gloves)
MR       .....                  k - +1 pair of boots
Stlth    +++.......             C - amulet of rage
HPRegen  0.53/turn              B - ring of wizardry
MPRegen  0.13/turn              (no ring)

@: no status effects
A: fangs 3, regeneration 1, no potion heal 3, rot immunity, strong jaws
a: Evoke Berserk Rage


You were on level 5 of the Dungeon.
You were not hungry.

You visited 1 branch of the dungeon, and saw 5 of its levels.
You also visited: Ossuary.

You collected 657 gold pieces.

Inventory:

Hand Weapons
 a - a +2 short sword of venom (weapon)
 b - a +0 hunting sling of freezing
 v - a +0 blowgun
Missiles
 f - 6 curare-tipped needles
 s - 213 poisoned tomahawks (quivered)
 u - 104 poisoned needles
 w - 593 stones
 x - 334 sling bullets
Armour
 c - a +1 robe (worn)
 d - a +1 hat (worn)
 h - a +0 medium shield of reflection (worn)
 k - a +1 pair of boots (worn)
Jewellery
 r - an uncursed amulet of magic regeneration
 B - a ring of wizardry (left hand)
 C - an amulet of rage (around neck)
Wands
 D - a wand of random effects (7)
Scrolls
 g - 3 scrolls of magic mapping
 i - 2 scrolls of identify
 j - 2 scrolls of enchant armour {unknown}
 q - 3 scrolls of amnesia {unknown}
 y - a scroll of immolation {unknown}
 z - 4 scrolls of teleportation {unknown}
 A - a scroll of blinking {unknown}
 G - a scroll of remove curse {unknown}
Potions
 l - a potion of haste {unknown}
 m - a potion of magic {unknown}
 n - 2 potions of invisibility
 o - 2 potions of resistance {unknown}
 p - a potion of lignification {unknown}
 t - 2 potions of curing
 E - 2 potions of flight {unknown}
 F - a potion of mutation
Comestibles
 e - 6 rations {!d}


   Skills:
 * Level 3.0 Fighting
 * Level 4.3 Short Blades
   Level 1.1 Maces & Flails
 + Level 0.9(1.0) Slings
 + Level 0.3(0.7) Throwing
 + Level 4.6 Dodging
 + Level 6.1 Stealth
 + Level 0.5 Shields
 * Level 3.1 Spellcasting


You had 12 spell levels left.
You didn't know any spells.
Your spell library was empty.

Dungeon Overview and Level Annotations

Branches:
Dungeon (5/12)
 Temple: D:4-7

Altars:
Lugonu
Okawaru
Qazlal
Uskayaw
Vehumet
Wu Jian

Shops:
D:4 (


Innate Abilities, Weirdness & Mutations

You have razor-sharp teeth.
Your natural rate of healing is unusually fast.
Potions cannot restore your health.
You are immune to rotting.
Your bites deal extra damage.


Message History

Throwing (i - inventory. (/) - cycle)
s - 214 poisoned tomahawks (quivered)
Press: ? - help, Shift-Dir - straight line, p - orc priest You throw a poisoned tomahawk.
The orc hits you from afar with a +0 trident.
The orc priest closely misses you.
The orc priest mumbles some strange prayers to Beogh against you.
Beogh smites you!
Unknown command.
You hit the orc priest.
The orc priest looks more poisoned.
You bite the orc priest.
The orc priest is heavily wounded.
The orc hits you from afar with a +0 trident!
* * * LOW HITPOINT WARNING * * *
You block the orc priest's attack.
You hit the orc priest.
The orc priest looks more poisoned.
The orc priest is severely wounded.
The orc barely misses you.
The orc priest invokes the aid of Beogh against you.
Beogh smites you!
You die...

*,,,,,....*#.######
#.## *,,,,,...,*#.#
#..# ***********#.#
##.# ####.# #.. #....#
##. #....# ######.
#%...####### #.<....
#....#.....####.####.
#...@#.......oo...##.
#....oo......Z.##.##.
*#...o#.†.......##.##.
#..[..#.).......##.##.
###.###..$......##.###
#.....###+######....
###...,,,,,* #####
**#...,,,,,* #
*....,,,,,,* #


You could see 2 orc priests and an orc.

Vanquished Creatures
  Sigmund (D:2)
  A sky beast (D:4)
  A water moccasin skeleton (D:4)
  A howler monkey (D:5)
  A crimson imp (D:5)
  A jelly (D:4)
  Jessica (D:3)
  2 worker ants (D:4)
  A big kobold zombie (Ossuary)
  9 mummies
  A gnoll (D:2)
  5 adders
  An ooze (D:1)
  4 worms
  A dart slug (D:1)
  2 leopard geckos
  10 orcs
  3 giant cockroaches
  A gnoll zombie (Ossuary)
  13 hobgoblins
  7 jackals
  8 kobolds
  2 quokkas
  8 bats
  4 frilled lizards
  10 goblins
  A hobgoblin zombie (Ossuary)
  3 kobold zombies (Ossuary)
  2 orc zombies (Ossuary)
  A quokka skeleton (D:4)
  3 rats
109 creatures vanquished.

Notes
Turn   | Place    | Note
-------+----------+-------------------------------------------
     0 | D:1      | Morbidden the Vine Stalker Archaeologist began the quest
                  | for the Orb.
     0 | D:1      | Reached XP level 1. HP: 11/11 MP: 2/2
    57 | D:1      | Reached skill level 1 in Maces & Flails
    74 | D:1      | Reached XP level 2. HP: 16/16 MP: 3/3
   258 | D:1      | Reached skill level 5 in Stealth
   401 | D:1      | Reached skill level 1 in Fighting
   401 | D:1      | Reached XP level 3. HP: 14/20 MP: 4/4
   871 | D:2      | Noticed Sigmund
   936 | D:2      | Found an iron altar of Okawaru.
  1057 | D:2      | Reached skill level 1 in Short Blades
  1057 | D:2      | Reached XP level 4. HP: 25/25 MP: 5/5
  1138 | D:2      | Found a hide-covered altar of Uskayaw.
  1490 | D:2      | Killed Sigmund
  1491 | D:2      | Reached skill level 1 in Spellcasting
  1491 | D:2      | Reached XP level 5. HP: 16/30 MP: 5/8
  1491 | D:2      | Gained mutation: You have razor-sharp teeth. [Vine Stalker
                  | growth]
  1491 | D:2      | Reached XP level 6. HP: 18/35 MP: 5/9
  1491 | D:2      | Identified a scroll of acquirement
  1491 | D:2      | Identified the ring of Deit {rPois MR++ Str-3} (You
                  | acquired it on level 2 of the Dungeon)
  1871 | D:2      | Got a scorched brass ring
  1942 | D:2      | Identified the cursed ring of the Twisting Coins {Fire
                  | +Blink} (You found it on level 2 of the Dungeon)
  2589 | D:3      | Noticed Jessica
  2593 | D:3      | Killed Jessica
  2762 | D:3      | Found a corrupted altar of Lugonu.
  2925 | D:3      | Found a radiant altar of Vehumet.
  2928 | D:3      | Found a stormy altar of Qazlal.
  2928 | D:3      | Found an ornate altar of the Wu Jian Council.
  3323 | D:4      | Reached XP level 7. HP: 11/40 MP: 11/11
  3493 | D:4      | Found Mopuelef's Weapon Boutique.
  3515 | D:4      | Reached skill level 6 in Stealth
  3844 | D:5      | Entered Level 5 of the Dungeon
  3880 | D:5      | Found a sand-covered staircase.
  3895 | Ossuary  | Entered an ossuary
  4649 | D:5      | Killed from afar by an orc priest

Skill      XL: |  1  2  3  4  5  6  7 |
---------------+----------------------+-----
Maces & Flails | 1 |  1.1
Stealth        | 5 6 |  6.1
Fighting       | 1 2 3 |  3.0
Dodging        | 4 |  4.6
Short Blades   | 1 2 3 4 |  4.3
Spellcasting   | 1 2 3 |  3.1
Slings         | |  0.9
Throwing       | |  0.3
Shields        | |  0.5

Action                   |  1- 3 |  4- 6 |  7- 9 || total
-------------------------+-------+-------+-------++-------
Melee: Whip              |    72 |       |       ||    72
       Bite              |     7 |     9 |    12 ||    28
       Short sword       |    42 |   112 |   105 ||   259
 Fire: Hunting sling     |       |     7 |    16 ||    23
Throw: Tomahawk          |       |     4 |     2 ||     6
 Abil: Evoke Berserk Rag |       |       |     1 ||     1
  Use: Scroll            |     1 |     2 |     4 ||     7
       Potion            |       |       |     6 ||     6
 Stab: Sleeping          |     7 |    10 |     3 ||    20
       Invisible         |       |       |     2 ||     2
  Eat: Chunk             |     4 |    10 |     5 ||    19
       Ration            |       |       |     1 ||     1
Armor: Robe              |    37 |    28 |    32 ||    97
Dodge: Dodged            |   105 |    50 |    40 ||   195
Block: Medium shield     |       |    19 |    44 ||    63
